 Dungeon Crawl Stone Soup version 0.30-a0-1018-g25214051b3 (webtiles) character file.

Game seed: 14728339867279122526

24 bearlyready the Slasher (level 3, 23/23 HPs)
             Began as a Tengu Fighter on Apr 7, 2023.
             Quit the game on level 2 of the Dungeon.
             The game lasted 00:01:15 (323 turns).

bearlyready the Slasher (Tengu Fighter)              Turns: 323, Time: 00:01:15

Health: 23/23      AC:  6    Str: 18    XL:     3   Next: 2%
Magic:  4/4        EV:  9    Int:  8    God:
Gold:   37         SH:  4    Dex: 13    Spells: 2/2 levels left

rFire   . . .      SeeInvis .    a - +0 long sword
rCold   . . .      Faith    .    c - +0 buckler
rNeg    . . .      Spirit   .    b - +0 scale mail
rPois   .          Reflect  .    (helmet restricted)
rElec   .          Rampage  .    (no cloak)
rCorr   +                        (no gloves)
Will    .....                    (boots unavailable) Stlth
                                 (no amulet)
HPRegen 0.23/turn                e - ring of resist corrosion
MPRegen 0.09/turn                (no ring)

@: no status effects
A: beak, talons 3
a: no special abilities


You were on level 2 of the Dungeon.
You visited 1 branch of the dungeon, and saw 2 of its levels.

You collected 37 gold pieces.

Inventory:

Hand Weapons
 a - a +0 long sword (weapon)
Armour
 b - a +0 scale mail (worn)
 c - a +0 buckler (worn)
Jewellery
 e - a ring of resist corrosion (left hand)
Scrolls
 f - a scroll of poison {unknown}
Potions
 d - a potion of might
 g - a potion of brilliance {unknown}


   Skills:
 - Level 3.0 Fighting
 + Level 3.7 Long Blades
 - Level 3.2 Armour
 - Level 3.0 Shields


You had 2 spell levels left.
You didn't know any spells.
Your spell library was empty.

Dungeon Overview and Level Annotations

Branches:
Dungeon (2/15)

Altars:


Innate Abilities, Weirdness & Mutations

You have a beak for a mouth.
You have claws for feet.


Message History

A bat comes into view.
A ball python comes into view.
An orc comes into view. It is wielding a +0 mace.
An orc comes into view. It is wielding a +0 flail.
The bat moves out of view.
There are monsters nearby!
There are monsters nearby!
There are monsters nearby!
The orc shouts! x2
You block the orc's attack.
There is a stone staircase leading up here.
You barely miss the orc. Your kick misses the orc. You peck the orc.
The orc is moderately wounded.
You block the orc's attack.
You barely miss the orc.
The orc is moderately wounded.
The orc hits you but does no damage.
You hit the orc.
The orc is heavily wounded.
The orc misses you.
You slash the orc!
You kill the orc!
The bat barely misses you.
The ball python bites you but does no damage.
The ball python grabs you. The ball python constricts you.
You barely miss the ball python. You claw the ball python.
You peck the ball python.
The ball python is severely wounded.
The bat hits you but does no damage.
The ball python bites you but does no damage.
The ball python constricts you.
The ball python bites you but does no damage.
The ball python constricts you.
You slash the ball python!
You kill the ball python!
You block the bat's attack. The bat barely misses you.
You have reached level 3!
Your experience leads to an increase in your attributes!
Increase (S)trength, (I)ntelligence, or (D)exterity?
You feel stronger. x2
Are you sure you want to abandon this character and quit the game? (Confirm with "yes".)

... #.#..# ....
#.#..# ....#
#.#..# .....
#.#..#
......#.#..##
.....o#.#...
....oob.#.#####.#
#@.......$#
####.####..#
#..........#
#.##.#####.#
#.##.(.
###.##.###
#....#.# #.####.#
#.# ##.#


You could see 3 orcs and a bat.

Vanquished Creatures
  An adder (D:2)
  An orc (D:2)
  A ball python (D:2)
  An endoplasm (D:1)
  A goblin (D:1)
  A hobgoblin (D:2)
  A kobold (D:1)
  2 quokkas (D:1)
  2 bats (D:1)
  A frilled lizard (D:1)
  A rat (D:1)
13 creatures vanquished.

Vanquished Creatures (others)
  2 plants (D:2)
2 creatures vanquished.

Grand Total: 15 creatures vanquished

Notes
Turn   | Place    | Note
-------+----------+-------------------------------------------
     0 | D:1      | bearlyready the Tengu Fighter began the quest for the Orb.
     0 | D:1      | Reached XP level 1. HP: 14/14 MP: 2/2
   101 | D:1      | Reached XP level 2. HP: 19/19 MP: 3/3
   169 | D:1      | You fall into a shaft and drop 1 floor!
   323 | D:2      | Reached XP level 3. HP: 23/23 MP: 4/4
   323 | D:2      | Quit the game

Illustrated notes

Levels and vault maps discovered:
D:1:      minmay_arrival_jagged, layout_rooms
D:2:      wad_woods_stonehenge, layout_basic, shapermc_ecumenical_altar_ellora

Skill      XL: |  1  2 |
---------------+-------+-----
Long Blades    | 3 |  3.7
Fighting       | |  3.0
Armour         | |  3.2
Shields        | |  3.0

Action                     || total
---------------------------++-------
  Melee: Long sword        ||    40
         Kick              ||     5
         Peck              ||     5
 Armour: Scale mail        ||    28
  Dodge: Dodged            ||    17
  Block: Buckler           ||    13

Table legend: (Time is in decaauts)
 A = Elapsed time spent in this place.
 B = Non-inter-level travel time spent in this place.
 C = Inter-level travel time spent in this place.
 D = Time resting spent in this place.
 E = Time spent auto-exploring this place.
 F = Levels seen in this place.
 G = Mean time per level.
                   A        B        C        D        E       F      G
               +--------+--------+--------+--------+--------+-----+--------+
         Total |    333 |    333 |      0 |      0 |    237 |   2 |  166.5 |
       Dungeon |    333 |    333 |      0 |      0 |    237 |   2 |  166.5 |
               +--------+--------+--------+--------+--------+-----+--------+

Top non-repeatable levels by time:
     D:1: 174 daAuts
     D:2: 158 daAuts
